| TOP OF THE 1ST |
|
Toronto Blue Jays batting - Pitching for Chicago White Sox : LHP Stacy Hootentootin
|
|
Pitching: LHP Stacy Hootentootin
|
|
|
Batting: RHB Donny Burnside
|
0-0: Foul Ball, location: 2F 0-1: Foul Ball, location: 2F 0-2: Ball 1-2: Foul Ball, location: 2F 1-2: Ground out U3 (Groundball, 3L, EV 97.5 MPH)
|
|
Batting: RHB Danny Burnside
|
0-0: Ball 1-0: Ball 2-0: Ball 3-0: Called Strike 3-1: Called Strike 3-2: Strikes out swinging
|
|
Batting: SHB Mark Rennie
|
0-0: Ball 1-0: Foul Ball, location: 2F 1-1: Ball 2-1: Foul Ball, location: 2F 2-2: Ball 3-2: Strikes out swinging
|
| Top of the 1st over - 0 runs, 0 hits, 0 errors, 0 left on base; Toronto 0 - Chicago 0 |
| BOTTOM OF THE 1ST |
|
Chicago White Sox batting - Pitching for Toronto Blue Jays : RHP Edward Saunders
|
|
Pitching: RHP Edward Saunders
|
|
|
Batting: RHB Dieter Knoops
|
0-0: Ball 1-0: Ball 2-0: Called Strike 2-1: Called Strike 2-2: Ball 3-2: Ground out 5-3 (Groundball, 56, EV 101.2 MPH)
|
|
Batting: SHB Gus Berry
|
0-0: Called Strike 0-1: Swinging Strike 0-2: Foul Ball, location: 2F 0-2: Foul Ball, location: 2F 0-2: Strikes out looking
|
|
Batting: LHB Randy Rosenberry
|
0-0: Called Strike 0-1: Called Strike 0-2: Ball 1-2: Ground out U3 (Groundball, 3, EV 85.6 MPH)
|
| Bottom of the 1st over - 0 runs, 0 hits, 0 errors, 0 left on base; Toronto 0 - Chicago 0 |
| TOP OF THE 2ND |
|
Toronto Blue Jays batting - Pitching for Chicago White Sox : LHP Stacy Hootentootin
|
|
Batting: RHB Kirk Arp
|
0-0: Ground out 1-3 (Groundball, P, EV 75.0 MPH)
|
|
Batting: LHB Nate Dean
|
0-0: Ball 1-0: Called Strike 1-1: Called Strike 1-2: Foul Ball, location: 2F 1-2: Ball 2-2: Ball 3-2: Fly out, F5 (Popup, 5L, EV 58.1 MPH)
|
|
Batting: RHB Brock Van Gilder
|
0-0: Called Strike 0-1: Called Strike 0-2: Strikes out looking
|
| Top of the 2nd over - 0 runs, 0 hits, 0 errors, 0 left on base; Toronto 0 - Chicago 0 |
| BOTTOM OF THE 2ND |
|
Chicago White Sox batting - Pitching for Toronto Blue Jays : RHP Edward Saunders
|
|
Batting: RHB Joseph Disepolo
|
0-0: Foul Ball, location: 2F 0-1: Foul Ball, location: 2F 0-2: Strikes out looking
|
|
Batting: RHB Henri Cederberg
|
0-0: Called Strike 0-1: Ball 1-1: Ball 2-1: Ball 3-1: Foul Ball, location: 2F 3-2: Base on Balls
|
|
Batting: LHB Angel Tellez
|
0-0: Ball 1-0: Ball 2-0: Ball 3-0: Foul Ball, location: 2F 3-1: Base on Balls Henri Cederberg to second
|
|
Batting: RHB Chris Cooper
|
0-0: Ball 1-0: Ball 2-0: Ball 3-0: Grounds into double play, 5-4-3 (Groundball, 25, EV 85.6 MPH)
|
| Bottom of the 2nd over - 0 runs, 0 hits, 0 errors, 1 left on base; Toronto 0 - Chicago 0 |
| TOP OF THE 3RD |
|
Toronto Blue Jays batting - Pitching for Chicago White Sox : LHP Stacy Hootentootin
|
|
Batting: LHB Michael Byrd
|
0-0: Ball 1-0: Called Strike 1-1: Ball 2-1: Ball 3-1: Base on Balls
|
|
Batting: SHB Dylan Novakowski
|
0-0: Ball 1-0: Ball 2-0: Ground out 6-3 (Groundball, 6S, EV 75.6 MPH) Michael Byrd to second
|
|
Batting: SHB Spencer Jones
|
0-0: Ball 1-0: SINGLE (Groundball, 6S, EV 68.8 MPH) (infield hit) Michael Byrd to third
|
|
Batting: RHB Donny Burnside
|
0-0: DOUBLE (Line Drive, 9LD, EV 108.1 MPH) Michael Byrd scores Spencer Jones to third
|
|
Batting: RHB Danny Burnside
|
0-0: Swinging Strike 0-1: Called Strike 0-2: Ground out 4-3 (Groundball, 4M, EV 84.4 MPH) Spencer Jones scores Donny Burnside to third
|
|
Batting: SHB Mark Rennie
|
0-0: Called Strike 0-1: Ground out 2-3 (Groundball, 15S, EV 71.9 MPH)
|
| Top of the 3rd over - 2 runs, 2 hits, 0 errors, 1 left on base; Toronto 2 - Chicago 0 |
| BOTTOM OF THE 3RD |
|
Chicago White Sox batting - Pitching for Toronto Blue Jays : RHP Edward Saunders
|
|
Batting: LHB Sidney Pedder
|
0-0: Fly out, F7 (Flyball, 7, EV 83.1 MPH)
|
|
Batting: RHB Jon Solano
|
0-0: SINGLE (Groundball, 56D, EV 102.5 MPH)
|
|
Batting: RHB Dieter Knoops
|
0-0: Called Strike 0-1: Swinging Strike 0-2: Strikes out swinging
|
|
Batting: SHB Gus Berry
|
0-0: Foul Ball, location: 2F 0-1: Ground out 4-3 (Groundball, 4, EV 82.5 MPH)
|
| Bottom of the 3rd over - 0 runs, 1 hit, 0 errors, 1 left on base; Toronto 2 - Chicago 0 |
| TOP OF THE 4TH |
|
Toronto Blue Jays batting - Pitching for Chicago White Sox : LHP Stacy Hootentootin
|
|
Batting: RHB Kirk Arp
|
0-0: Ball 1-0: Ball 2-0: Called Strike 2-1: Foul Ball, location: 2F 2-2: Ball 3-2: Base on Balls
|
|
Batting: LHB Nate Dean
|
0-0: Ball 1-0: Fly out, F7 (Line Drive, 78M, EV 88.1 MPH)
|
|
Batting: RHB Brock Van Gilder
|
0-0: Ball 1-0: Called Strike 1-1: Swinging Strike 1-2: Ball 2-2: Foul Ball, location: 2F 2-2: Ball 3-2: SINGLE (Groundball, 56S, EV 63.8 MPH) (infield hit) Kirk Arp to second
|
|
Batting: LHB Michael Byrd
|
0-0: Fly out, F4 (Popup, 13, EV 84.4 MPH)
|
|
Batting: SHB Dylan Novakowski
|
0-0: Called Strike 0-1: SINGLE (Groundball, 4MD, EV 98.1 MPH) Kirk Arp to third Brock Van Gilder to second Runner from 3rd tries for Home, SAFE, throw by CF to home
|
|
Batting: SHB Spencer Jones
|
0-0: Ball 1-0: Foul Ball, location: 2F 1-1: Foul Ball, location: 2F 1-2: Strikes out swinging
|
| Top of the 4th over - 1 run, 2 hits, 0 errors, 2 left on base; Toronto 3 - Chicago 0 |
| BOTTOM OF THE 4TH |
|
Chicago White Sox batting - Pitching for Toronto Blue Jays : RHP Edward Saunders
|
|
Batting: LHB Randy Rosenberry
|
0-0: DOUBLE (Line Drive, 5D, EV 111.2 MPH)
|
|
Batting: RHB Joseph Disepolo
|
0-0: Called Strike 0-1: Ball 1-1: Called Strike 1-2: Strikes out swinging
|
|
Batting: RHB Henri Cederberg
|
0-0: Ball 1-0: Ball 2-0: Ball 3-0: Called Strike 3-1: Foul Ball, location: 2F 3-2: Strikes out swinging
|
|
Batting: LHB Angel Tellez
|
0-0: SINGLE (Groundball, 4MD, EV 96.2 MPH) Randy Rosenberry to third Runner from 3rd tries for Home, throw by CF and OUT! 8-2
|
| Bottom of the 4th over - 0 runs, 2 hits, 0 errors, 1 left on base; Toronto 3 - Chicago 0 |
| TOP OF THE 5TH |
|
Toronto Blue Jays batting - Pitching for Chicago White Sox : LHP Stacy Hootentootin
|
|
Batting: RHB Donny Burnside
|
0-0: Called Strike 0-1: Called Strike 0-2: Ball 1-2: Strikes out swinging
|
|
Batting: RHB Danny Burnside
|
0-0: Called Strike 0-1: Ball 1-1: Called Strike 1-2: Ball 2-2: Ball 3-2: Foul Ball, location: 2F 3-2: Foul Ball, location: 2F 3-2: Foul Ball, location: 2F 3-2: SINGLE (Line Drive, 3D, EV 99.4 MPH)
|
|
Batting: SHB Mark Rennie
|
0-0: Called Strike 0-1: Hit by Pitch Danny Burnside to second
|
|
Batting: RHB Kirk Arp
|
0-0: Ball 1-0: SINGLE (Line Drive, 8LS, EV 87.5 MPH) Danny Burnside to third Mark Rennie to second Runner from 3rd tries for Home, throw by CF and OUT! 8-2
|
|
Batting: LHB Nate Dean
|
0-0: Ball 1-0: SINGLE (Groundball, 34D, EV 94.4 MPH) Mark Rennie to third Kirk Arp to second Runner from 3rd tries for Home, SAFE, throw by RF to home
|
|
Batting: RHB Brock Van Gilder
|
0-0: Ball 1-0: Ball 2-0: Called Strike 2-1: Swinging Strike 2-2: Ball 3-2: Base on Balls Kirk Arp to third Nate Dean to second
|
|
Batting: LHB Michael Byrd
|
0-0: Called Strike 0-1: Ball 1-1: Ball 2-1: SINGLE (Groundball, 6MD, EV 106.9 MPH) Kirk Arp scores Nate Dean to third Brock Van Gilder to second Runner from 3rd tries for Home, SAFE, throw by CF to home
|
|
Pitching: RHP Allen Speidel
|
|
|
Batting: SHB Dylan Novakowski
|
0-0: Called Strike 0-1: Called Strike 0-2: Strikes out swinging
|
| Top of the 5th over - 3 runs, 4 hits, 0 errors, 2 left on base; Toronto 6 - Chicago 0 |
| BOTTOM OF THE 5TH |
|
Chicago White Sox batting - Pitching for Toronto Blue Jays : RHP Edward Saunders
|
|
Batting: RHB Chris Cooper
|
0-0: Ball 1-0: Ball 2-0: Ball 3-0: Called Strike 3-1: SINGLE (Line Drive, 7S, EV 104.4 MPH)
|
|
Batting: LHB Sidney Pedder
|
0-0: Called Strike 0-1: Fielders Choice at 2nd, 4-6 (Groundball, 4M, EV 85.6 MPH)
|
|
Batting: RHB Jon Solano
|
0-0: Ball 1-0: Fly out, F8 (Flyball, 8RXD, EV 89.4 MPH)
|
|
Batting: RHB Dieter Knoops
|
0-0: Called Strike 0-1: Called Strike 0-2: Strikes out swinging
|
| Bottom of the 5th over - 0 runs, 1 hit, 0 errors, 1 left on base; Toronto 6 - Chicago 0 |
| TOP OF THE 6TH |
|
Toronto Blue Jays batting - Pitching for Chicago White Sox : RHP Allen Speidel
|
|
Batting: SHB Spencer Jones
|
0-0: Called Strike 0-1: Fly out, F7 (Flyball, 78S, EV 87.5 MPH)
|
|
Batting: RHB Donny Burnside
|
0-0: Fly out, F9 (Line Drive, 89S, EV 95.0 MPH)
|
|
Batting: RHB Danny Burnside
|
0-0: Ball 1-0: Called Strike 1-1: Ball 2-1: Foul Ball, location: 2F 2-2: Ball 3-2: Base on Balls
|
|
Batting: SHB Mark Rennie
|
0-0: Ball 1-0: Called Strike 1-1: Ball 2-1: Swinging Strike 2-2: Strikes out swinging
|
| Top of the 6th over - 0 runs, 0 hits, 0 errors, 1 left on base; Toronto 6 - Chicago 0 |
| BOTTOM OF THE 6TH |
|
Chicago White Sox batting - Pitching for Toronto Blue Jays : RHP Edward Saunders
|
|
Batting: SHB Gus Berry
|
0-0: Foul Ball, location: 2F 0-1: Ball 1-1: Ball 2-1: Ball 3-1: Fly out, F7 (Flyball, 7LS, EV 80.0 MPH)
|
|
Batting: LHB Randy Rosenberry
|
0-0: Swinging Strike 0-1: Foul Ball, location: 2F 0-2: Ball 1-2: Strikes out swinging
|
|
Batting: RHB Joseph Disepolo
|
0-0: Swinging Strike 0-1: Ball 1-1: Foul Ball, location: 2F 1-2: SOLO HOME RUN (Flyball, 7LD, EV 92.5 MPH), Distance : 337 ft
|
|
Batting: RHB Henri Cederberg
|
0-0: Foul Ball, location: 2F 0-1: SINGLE (Line Drive, 9S, EV 95.0 MPH)
|
|
Batting: LHB Angel Tellez
|
0-0: Ball 1-0: Ball 2-0: Called Strike 2-1: Fly out, F7 (Flyball, 78M, EV 85.0 MPH)
|
| Bottom of the 6th over - 1 run, 2 hits, 0 errors, 1 left on base; Toronto 6 - Chicago 1 |
| TOP OF THE 7TH |
|
Toronto Blue Jays batting - Pitching for Chicago White Sox : RHP Allen Speidel
|
|
Batting: RHB Kirk Arp
|
0-0: Ball 1-0: Ball 2-0: Foul Ball, location: 2F 2-1: SINGLE (Groundball, 4M, EV 105.6 MPH) (infield hit)
|
|
Batting: LHB Nate Dean
|
0-0: Ball 1-0: Swinging Strike 1-1: Ball 2-1: Foul Ball, location: 2F 2-2: Ball 3-2: Strikes out swinging Kirk Arp is caught stealing 2nd base 2-6 Batter strikes out.
|
|
Batting: RHB Brock Van Gilder
|
0-0: Ball 1-0: Called Strike 1-1: Swinging Strike 1-2: Ball 2-2: Foul Ball, location: 2F 2-2: Ball 3-2: Foul Ball, location: 2F 3-2: Base on Balls
|
|
Pitching: LHP Josh Vaca
|
|
|
Batting: LHB Michael Byrd
|
0-0: Called Strike 0-1: Ball 1-1: Foul Ball, location: 2F 1-2: Fly out, F8 (Flyball, 8LXD, EV 103.8 MPH)
|
| Top of the 7th over - 0 runs, 1 hit, 0 errors, 1 left on base; Toronto 6 - Chicago 1 |
| BOTTOM OF THE 7TH |
|
Chicago White Sox batting - Pitching for Toronto Blue Jays : RHP Edward Saunders
|
|
Now in RF: Jon Schick
|
|
|
Batting: RHB Chris Cooper
|
0-0: Ball 1-0: Ball 2-0: Ball 3-0: Swinging Strike 3-1: Foul Ball, location: 2F 3-2: Strikes out swinging
|
|
Batting: LHB Sidney Pedder
|
0-0: Called Strike 0-1: Ball 1-1: Foul Ball, location: 2F 1-2: Ball 2-2: Foul Ball, location: 2F 2-2: Foul Ball, location: 2F 2-2: Ball 3-2: Ground out U3 (Groundball, 3, EV 91.2 MPH)
|
|
Batting: RHB Jon Solano
|
0-0: Ground out 4-3 (Groundball, 4M, EV 81.9 MPH)
|
| Bottom of the 7th over - 0 runs, 0 hits, 0 errors, 0 left on base; Toronto 6 - Chicago 1 |
| TOP OF THE 8TH |
|
Toronto Blue Jays batting - Pitching for Chicago White Sox : LHP Josh Vaca
|
|
Batting: SHB Dylan Novakowski
|
0-0: SINGLE (Groundball, 56D, EV 98.1 MPH)
|
|
Batting: SHB Spencer Jones
|
0-0: Called Strike 0-1: Ground out 5-3 (Groundball, 56S, EV 67.5 MPH) Dylan Novakowski to second
|
|
Batting: RHB Donny Burnside
|
0-0: Called Strike 0-1: Swinging Strike 0-2: Ball 1-2: Foul Ball, location: 2F 1-2: Ball 2-2: Strikes out swinging
|
|
Batting: RHB Danny Burnside
|
0-0: Foul Ball, location: 2F 0-1: Foul Ball, location: 2F 0-2: Strikes out looking
|
| Top of the 8th over - 0 runs, 1 hit, 0 errors, 1 left on base; Toronto 6 - Chicago 1 |
| BOTTOM OF THE 8TH |
|
Chicago White Sox batting - Pitching for Toronto Blue Jays : RHP Edward Saunders
|
|
Batting: RHB Dieter Knoops
|
0-0: Ball 1-0: Ball 2-0: Fly out, F3 (Popup, 23F, EV 83.8 MPH)
|
|
Batting: SHB Gus Berry
|
0-0: Called Strike 0-1: Ball 1-1: Ball 2-1: Swinging Strike 2-2: Fly out, F7 (Flyball, 7LS, EV 87.5 MPH)
|
|
Batting: LHB Randy Rosenberry
|
0-0: Called Strike 0-1: Foul Ball, location: 2F 0-2: Foul Ball, location: 2F 0-2: Ball 1-2: Ball 2-2: Fly out, F7 (Flyball, 7LM, EV 89.4 MPH)
|
| Bottom of the 8th over - 0 runs, 0 hits, 0 errors, 0 left on base; Toronto 6 - Chicago 1 |
| TOP OF THE 9TH |
|
Toronto Blue Jays batting - Pitching for Chicago White Sox : LHP Josh Vaca
|
|
Batting: LHB Jon Schick
|
0-0: Called Strike 0-1: Foul Ball, location: 2F 0-2: Strikes out swinging
|
|
Pitching: RHP Ryan Columbo
|
|
|
Batting: RHB Kirk Arp
|
0-0: Ball 1-0: Foul Ball, location: 2F 1-1: Called Strike 1-2: Ball 2-2: Foul Ball, location: 2F 2-2: Strikes out swinging
|
|
Batting: LHB Nate Dean
|
0-0: Ground out 5-3 (Groundball, 56D, EV 104.4 MPH)
|
| Top of the 9th over - 0 runs, 0 hits, 0 errors, 0 left on base; Toronto 6 - Chicago 1 |
| BOTTOM OF THE 9TH |
|
Chicago White Sox batting - Pitching for Toronto Blue Jays : RHP Edward Saunders
|
|
Pitching: LHP Tim Franco
|
|
|
Now at C: Zory Larikov
|
|
|
Now at SS: Brock Van Gilder
|
|
|
Batting: RHB Joseph Disepolo
|
0-0: Swinging Strike 0-1: Ball 1-1: Foul Ball, location: 2F 1-2: Ground out U3 (Groundball, 34S, EV 90.0 MPH)
|
|
Batting: RHB Henri Cederberg
|
0-0: Ball 1-0: Fly out, F7 (Flyball, 7D, EV 96.2 MPH)
|
|
Batting: LHB Angel Tellez
|
0-0: Ball 1-0: Called Strike 1-1: Called Strike 1-2: Ball 2-2: Strikes out swinging
|
| Bottom of the 9th over - 0 runs, 0 hits, 0 errors, 0 left on base; Toronto 6 - Chicago 1 |
|